 Dungeon Crawl Stone Soup version 0.13.0-59-g13bd910 (webtiles) character file.

51 Lilouch the Firebug (level 2, -1/19 HPs)
             Began as a Mummy Fire Elementalist on Nov 20, 2013.
             Slain by an adder (4 damage)
             ... on Level 2 of the Dungeon.
             The game lasted 00:04:15 (775 turns).

Lilouch the Firebug (Mummy Fire Elementalist)        Turns: 775, Time: 00:04:15

HP  -1/19        AC  3     Str 11      XL: 2   Next: 17%
MP   1/4         EV 12     Int 14      God:
Gold 40          SH  0     Dex 12      Spells:  1 memorised,  2 levels left

Res.Fire  : x . .   See Invis. : .   g - +0 short sword
Res.Cold  : + . .   Warding    : .   a - +0 robe
Life Prot.: + + +   Conserve   : .   (no shield)
Res.Poison: +       Res.Corr.  : .   (no helmet)
Res.Elec. : .       Clarity    : .   (no cloak)
Sust.Abil.: . .     Spirit.Shd : .   (no gloves)
Res.Mut.  : .       Stasis     : .   j - +0 pair of boots
Res.Rott. : +       Flight     : .   (no amulet)
Saprovore : . . .                    (no ring)
                                     (no ring)

@: very slightly contaminated, slightly resistant to hostile enchantments,
unstealthy
A: no food or potions, fire vulnerability, restore body, cold resistance 1, life
protection 3, poison resistance, torment resistance, unbreathing
a: no special abilities


You were on level 2 of the Dungeon.
You were not hungry.

You visited 1 branch of the dungeon, and saw 2 of its levels.

You collected 20 gold pieces.

Inventory:

Hand weapons
 g - a +0,+0 short sword (weapon)
Armour
 a - a +0 robe (worn)
 j - a +0 pair of boots (worn)
Comestibles
 c - an apricot
 i - an apple
Scrolls
 l - a scroll of identify {unknown}
Potions
 e - a potion of curing {unknown}
 k - 2 potions of confusion {unknown}
Books
 b - a book of Flames

   Spells                             Type                      Level
   *Flame Tongue                      Conjuration/Fire             1
   Throw Flame                        Conjuration/Fire             2
   Conjure Flame                      Conjuration/Fire             3
   Inner Flame                        Hexes/Fire                   3
   Sticky Flame                       Conjuration/Fire             4
   Fireball                           Conjuration/Fire             5


   Skills:
 - Level 1.5 Dodging
 - Level 1.5 Stealth
 * Level 1.4 Spellcasting
 + Level 1.0 Conjurations
 + Level 2.7 Fire Magic


You had 2 spell levels left.
You knew the following spells:

 Your Spells              Type           Power        Failure   Level  Hunger
a - Flame Tongue          Conj/Fire      #....        14%         1    N/A

Dungeon Overview and Level Annotations

Branches:
Dungeon (2/27)

Altars:


Innate Abilities, Weirdness & Mutations

You do not eat or drink.
Your flesh is vulnerable to fire.
Your flesh is cold resistant.
You are immune to negative energy.
Your system is resistant to poisons.
You are immune to unholy pain and torment.
You can survive without breathing.


Message History

You throw a dagger. The dagger misses the adder.
The adder bites you.
Throwing (i - inventory):
h - an orcish club (quivered)
Press: ? - help, Shift-Dir - straight line, f/p - adder
Aim: an adder (heavily wounded)
You throw an orcish club. The orcish club misses the adder.
The adder barely misses you. The adder closely misses you.
The adder barely misses you.
You see here a dart.
You closely miss the adder.
The adder is heavily wounded.
The adder bites you but does no damage. The adder barely misses you.
You hit the adder.
The adder is severely wounded.
The adder closely misses you.
You closely miss the adder.
The adder is severely wounded.
The adder bites you.
* * * LOW HITPOINT WARNING * * *
The adder bites you.
You die...

#). #... #.. #..
#.. #.######
.######......#
#......)...(..##
....#.S@.(..#
#.###.(<#
..................
.....#########...#
#......# .#
...##.. ### #..
#.. ..#


You could see an adder.

Vanquished Creatures
  A ball python (D:2)
  2 hobgoblins (D:1)
  A giant cockroach (D:1)
  A giant newt (D:1)
  2 goblins (D:1)
  4 kobolds
  2 rats (D:1)
13 creatures vanquished.

Vanquished Creatures (others)
  A giant cockroach (D:1)
1 creature vanquished.

Grand Total: 14 creatures vanquished

Notes
Turn   | Place    | Note
--------------------------------------------------------------
     0 | D:1      | Lilouch, the Mummy Fire Elementalist, began the quest for the Orb.
     0 | D:1      | Reached XP level 1. HP: 13/13 MP: 3/3
   386 | D:1      | Reached skill level 1 in Conjurations
   701 | D:1      | Reached XP level 2. HP: 19/19 MP: 2/4
   775 | D:2      | Slain by an adder

Action                   || total
-------------------------++-------
Melee: Short sword       ||    13
       Unarmed           ||     3
Throw: Dagger            ||     7
       Club              ||     3
 Cast: Flame Tongue      ||    18
